 Dungeon Crawl Stone Soup version 0.22-a0-32-ga749362bc3 (webtiles) character file.

288 Kaname the Conjurer (level 6, 41/41 HPs)
             Began as a Demonspawn Wizard on Jan 3, 2018.
             Quit the game on level 4 of the Dungeon.
             The game lasted 00:15:02 (3905 turns).

Kaname the Conjurer (Demonspawn Wizard)             Turns: 3905, Time: 00:15:03

Health: 41/41      AC: 10    Str:  7    XL:     6   Next: 9%
Magic:  5/10       EV: 17    Int: 21    God:
Gold:   161        SH:  0    Dex: 17    Spells: 2/11 levels left

rFire    . . .     SeeInvis .   a - +1 short sword (venom)
rCold    . . .     Gourm    .   (no shield)
rNeg     . . .     Faith    .   u - +1 leather armour {rPois}
rPois    +         Spirit   .   s - +2 helmet
rElec    .         Reflect  .   (no cloak)
rCorr    .         Harm     .   f - +0 pair of gloves
MR       .....                  (no boots)
Stlth    +++.......             (no amulet)
HPRegen  0.13/turn              j - ring of wizardry (curse)
MPRegen  0.12/turn              (no ring)

@: agile
A: talons 1, yellow scales 1, demonic guardian 1
a: no special abilities


You were on level 4 of the Dungeon.
You were hungry.

You visited 1 branch of the dungeon, and saw 4 of its levels.

You collected 161 gold pieces.

Inventory:

Hand Weapons
 a - a +1 short sword of venom (weapon)
Armour
 f - a +0 pair of gloves (worn)
 s - a +2 helmet (worn)
 u - a +1 leather armour of poison resistance (worn)
Jewellery
 j - a cursed ring of wizardry (left hand)
Wands
 r - a wand of random effects (32)
Scrolls
 c - a scroll of magic mapping {unknown}
 g - 2 scrolls of identify {unknown}
 i - 2 scrolls of remove curse {unknown}
 k - 2 scrolls of teleportation {unknown}
 l - 2 scrolls of enchant weapon {unknown}
 m - 2 scrolls of immolation
 p - a scroll of enchant armour {unknown}
 q - a scroll of noise {unknown}
 t - a scroll of fear {unknown}
Potions
 h - a potion of might {unknown}
 n - a potion of degeneration {unknown}
Comestibles
 d - 10 rations


   Skills:
 - Level 1.7 Dodging
 - Level 1.7 Stealth
 - Level 3.0 Spellcasting
 + Level 5.3 Conjurations
   Level 1.0 Summonings
 - Level 1.0 Translocations
 - Level 1.3 Air Magic
 - Level 2.1 Poison Magic


You had 2 spell levels left.
You knew the following spells:

 Your Spells              Type           Power        Failure   Level  Hunger
a - Magic Dart            Conj           ####         1%          1    None
b - Blink                 Tloc           N/A          9%          2    ##.....
c - Mephitic Cloud        Conj/Pois/Air  ###.....     8%          3    ###....
d - Conjure Flame         Conj/Fire      ##......     9%          3    ###....


Dungeon Overview and Level Annotations

Branches:
Dungeon (4/15)
 Temple: D:4-7

Altars:


Innate Abilities, Weirdness & Mutations

You have sharp toenails.
You are partially covered in yellow scales. (AC +2)
A weak demonic guardian rushes to your aid.


Message History

The water moccasin skeleton is engulfed in blazing flames.
The water moccasin skeleton barely misses you.
The water moccasin skeleton is engulfed in blazing flames.
The water moccasin skeleton bites you but does no damage.
You barely miss the water moccasin skeleton.
Your kick misses the water moccasin skeleton.
The water moccasin skeleton is almost destroyed.
Your iron imp hits the water moccasin skeleton.
The water moccasin skeleton is destroyed!
You have reached level 6!
Your experience leads to an increase in your attributes!
Increase (S)trength, (I)ntelligence, or (D)exterity?
You feel clever.
Your demonic ancestry asserts itself...
Yellow scales grow over part of your body.
It was a potion of agility.
You feel agile all of a sudden.
Unknown command.
Unknown command.
Unknown command.
Are you sure you want to abandon this character and quit the game? (Confirm with "yes".)

.... #..# ...#
##..# ...## ...
#5# ##@# # #..#
#.#.## #.#.##
#....##
#.....#######
#...........##
##.....##<....##
#................


You could see a friendly iron imp.

Vanquished Creatures
  Terence (D:3)
  Robin (D:3)
  6 adders
  2 oozes (D:1)
  An adder skeleton (D:3)
  3 worms
  3 dart slugs
  2 leopard geckos
  12 orcs (D:3)
  2 ball pythons
  4 giant cockroaches
  23 goblins
  9 hobgoblins
  10 jackals
  6 bats
  2 frilled lizards (D:1)
  8 kobolds
  12 rats
107 creatures vanquished.

Vanquished Creatures (collateral kills)
  A water moccasin skeleton (D:4)
1 creature vanquished.

Grand Total: 108 creatures vanquished

Notes
Turn   | Place    | Note
-------+----------+-------------------------------------------
     0 | D:1      | Kaname the Demonspawn Wizard began the quest for the Orb.
     0 | D:1      | Reached XP level 1. HP: 13/13 MP: 4/4
   263 | D:1      | Reached skill level 2 in Conjurations
   379 | D:1      | Gained mutation: A weak demonic guardian rushes to your aid. [demonic ancestry]
   379 | D:1      | Reached XP level 2. HP: 19/19 MP: 0/6
   472 | D:1      | Learned a level 2 spell: Blink
   526 | D:1      | Reached skill level 1 in Translocations
   794 | D:1      | Gained mutation: You have sharp toenails. [demonic ancestry]
   794 | D:1      | Reached XP level 3. HP: 16/24 MP: 1/7
   799 | D:1      | Learned a level 3 spell: Mephitic Cloud
   868 | D:1      | Reached skill level 3 in Conjurations
  1030 | D:1      | Reached skill level 1 in Poison Magic
  2078 | D:2      | Reached XP level 4. HP: 22/30 MP: 1/8
  2083 | D:2      | Learned a level 3 spell: Conjure Flame
  2682 | D:3      | Reached skill level 4 in Conjurations
  2802 | D:3      | Reached skill level 1 in Air Magic
  3018 | D:3      | Noticed Robin
  3048 | D:3      | Killed Robin
  3061 | D:3      | Reached XP level 5. HP: 21/35 MP: 1/9
  3339 | D:3      | Reached skill level 5 in Conjurations
  3651 | D:3      | Noticed Terence
  3663 | D:3      | Killed Terence
  3903 | D:4      | Gained mutation: You are partially covered in yellow scales. (AC +2) [demonic ancestry]
  3903 | D:4      | Reached XP level 6. HP: 41/41 MP: 5/10
  3905 | D:4      | Quit the game

Vault maps used:
D:1:      erik_arrival_gehennom
D:3:      first_ration, uniq_robin, uniq_terence
D:4:      lemuel_doored_altar, serial_shops, shop_statue, minmay_checkerbox,
          uniq_pikel

Skill      XL: |  1  2  3  4  5 |
---------------+----------------+-----
Conjurations   | 2 3 4 5 |  5.3
Translocations | 1 |  1.0
Poison Magic   | 1 2 |  2.1
Air Magic      | 1 |  1.3
Dodging        | |  1.7
Stealth        | |  1.7
Spellcasting   | |  3.0
Summonings     | |  1.0

Action                   |  1- 3 |  4- 6 || total
-------------------------+-------+-------++-------
Melee: Unarmed           |    46 |       ||    46
       Spear             |    10 |    45 ||    55
       Kick              |     8 |    13 ||    21
       Dagger            |       |    56 ||    56
       Short sword       |       |    15 ||    15
 Cast: Magic Dart        |   106 |   111 ||   217
       Conjure Flame     |       |     1 ||     1
  Use: Scroll            |       |     1 ||     1
       Potion            |       |     1 ||     1
 Stab: Sleeping          |     1 |       ||     1
  Eat: Chunk             |     1 |     4 ||     5
       Ration            |     1 |       ||     1
Armor: Robe              |     9 |    15 ||    24
       Leather armour    |       |     5 ||     5
Dodge: Dodged            |    38 |    64 ||   102

Table legend:
 A = Spawn XP
 B = Non-spawn XP
 C = Spawn XP percentage of total XP
 D = Spawn monster count
 E = Non-spawn monster count
 F = Spawn count percentage of total count
 G = Total turns spent on level
                    A         B        C        D         E        F      G
               +---------+---------+-------+---------+---------+-------+---------
         Total |       0 |     412 |   0.0 |       0 |     108 |   0.0 |  3905
               +---------+---------+-------+---------+---------+-------+---------
           D:1 |       0 |      69 |   0.0 |       0 |      33 |   0.0 |  1418
           D:2 |       0 |      46 |   0.0 |       0 |      16 |   0.0 |  1186
           D:3 |       0 |     234 |   0.0 |       0 |      58 |   0.0 |  1283
           D:4 |       0 |      63 |   0.0 |       0 |       1 |   0.0 |    18
               +---------+---------+-------+---------+---------+-------+---------
